 Dungeon Crawl Stone Soup version 0.30-a0-956-gcec3b41aec (webtiles) character file.

Game seed: 7286012485833401181

275 bande the Covered (level 6, -4/38 HPs)
             Began as a Gargoyle Fighter on Mar 29, 2023.
             Slain by an ogre
             ... wielding a +0 giant spiked club
              (12 damage)
             ... on level 3 of the Dungeon.
             The game lasted 00:03:06 (2469 turns).

bande the Covered (Gargoyle Fighter)                Turns: 2469, Time: 00:03:07

Health: -4/38      AC: 11    Str: 20    XL:     6   Next: 25%
Magic:  6/6        EV:  9    Int:  8    God:
Gold:   99         SH:  4    Dex: 11    Spells: 5/5 levels left

rFire   . . .      SeeInvis .    a - +0 war axe
rCold   . . .      Faith    .    c - +0 buckler
rNeg    + . .      Spirit   .    b - +0 scale mail
rPois   ∞          Reflect  .    (no helmet)
rElec   +          Rampage  .    (no cloak)
rCorr   .                        (no gloves)
Will    .....                    (no boots) Stlth
                                 (no amulet)
HPRegen 0.26/turn                (no ring)
MPRegen 0.10/turn                (no ring)

@: no status effects
A: sickness immunity, AC +4, negative energy resistance 1, electricity
resistance, torment resistance 1, petrification resistance
a: no special abilities


You were on level 3 of the Dungeon.
You visited 1 branch of the dungeon, and saw 3 of its levels.

You collected 99 gold pieces.

Inventory:

Hand Weapons
 a - a +0 war axe (weapon)
 j - the +5 sling "Bomydee" {flame, Will++}
   (You found it on level 2 of the Dungeon)

   Will:      It greatly increases your willpower.
 n - a +0 war axe
Armour
 b - a +0 scale mail (worn)
 c - a +0 buckler (worn)
Jewellery
 f - an amulet of magic regeneration
 i - an amulet of regeneration
Scrolls
 h - a scroll of immolation {unknown}
 k - a scroll of teleportation {unknown}
 m - 3 scrolls of identify {unknown}
Potions
 e - 4 potions of resistance {unknown}
 g - 2 potions of curing {unknown}
 l - 3 potions of berserk rage {unknown}


   Skills:
 + Level 4.2 Fighting
 + Level 4.3 Axes
 + Level 4.3 Armour
 - Level 0.1 Dodging
 + Level 4.0 Shields


You had 5 spell levels left.
You didn't know any spells.
Your spell library contained the following spells:

 Spells                   Type           Power      Damage    Failure   Level
 Summon Guardian Golem    Hex/Summ       0%         N/A       99%         3
 Orb of Destruction       Conj           0%         9d5       100%        7
 Spellforged Servitor     Conj/Summ      0%         N/A       100%        7


Dungeon Overview and Level Annotations

Branches:
Dungeon (3/15)

Altars:
Qazlal
Xom
Yredelemnul


Innate Abilities, Weirdness & Mutations

You are immune to sickness and miasma.
Your stone body is resilient. (AC +4)
You are immune to poison.
You resist negative energy. (rN+)
You are resistant to electric shocks. (rElec)
You are resistant to unholy torment.
You are immune to petrification.


Message History

The endoplasm hits you but does no damage.
You block the giant cockroach's attack.
You barely miss the giant cockroach. You slash the endoplasm!
You kill the endoplasm!
The giant cockroach bites you but does no damage.
You slash the giant cockroach!
You kill the giant cockroach!
No target in view!
No target in view!
No target in view!
No target in view!
No target in view!
You open the door.
There is an open door here.
You now have 83 gold pieces (gained 5).
There is a shaft here.
Key pressed, stopping explore.
You now have 99 gold pieces (gained 16).
An ogre comes into view. It is wielding a +0 giant spiked club.
The ogre shouts!
Found a leather armour.
You barely miss the ogre.
The ogre hits you with a +0 giant spiked club!
You slash the ogre!
The ogre is heavily wounded.
The ogre misses you.
You closely miss the ogre.
The ogre is heavily wounded.
The ogre hits you with a +0 giant spiked club!!
* * * LOW HITPOINT WARNING * * *
You are too injured to fight recklessly!
You are too injured to fight recklessly!
You are too injured to fight recklessly!
You are too injured to fight recklessly!
You are too injured to fight recklessly!
You are too injured to fight recklessly!
You barely miss the ogre.
The ogre is heavily wounded.
The ogre hits you with a +0 giant spiked club!
You die...

#####......[#
.............#
...........?.#
.............#
.............#
.............#
.............#
........@O...####
........####....#
......#.........# .####
#.........# #.........#
#..###....#
#######.################
........................
#....................(..


You could see an ogre.

Vanquished Creatures
  An ogre (D:3)
  A hound zombie (D:3)
  5 gnolls
  4 adders
  An adder zombie (D:3)
  A worm (D:3)
  3 dart slugs
  5 orcs (D:3)
  8 endoplasms
  7 giant cockroaches
  6 goblins
  3 hobgoblins
  4 kobolds (D:2)
  4 quokkas
  7 ball pythons
  A ball python zombie (D:3)
  3 bats
  4 frilled lizards
  A quokka zombie (D:3)
  5 rats
74 creatures vanquished.

Notes
Turn   | Place    | Note
-------+----------+-------------------------------------------
     0 | D:1      | bande the Gargoyle Fighter began the quest for the Orb.
     0 | D:1      | Reached XP level 1. HP: 14/14 MP: 1/1
    27 | D:1      | Reached XP level 2. HP: 15/19 MP: 2/2
   222 | D:1      | Reached XP level 3. HP: 17/23 MP: 3/3
   356 | D:1      | You fall into a shaft and drop 1 floor!
   356 | D:2      | Found a stormy altar of Qazlal.
  1177 | D:2      | Identified the +5 sling "Bomydee" {flame, Will++}
  1261 | D:2      | Reached XP level 4. HP: 29/29 MP: 4/4
  1951 | D:3      | Reached XP level 5. HP: 20/33 MP: 5/5
  2011 | D:3      | Found a basalt altar of Yredelemnul.
  2061 | D:3      | Found a shimmering altar of Xom.
  2107 | D:3      | Noticed an ogre
  2117 | D:3      | Killed an ogre
  2118 | D:3      | Reached XP level 6. HP: 38/38 MP: 6/6
  2469 | D:3      | Slain by an ogre

Illustrated notes

Levels and vault maps discovered:
D:1:      amcnicky_arrival_feature_with_door, layout_loops_corners,
          serial_aquarium, aquarium_bridge_square [aquarium_subvault_wall,
          aquarium_subvault_wall, aquarium_subvault_balcony,
          aquarium_subvault_bridge], aquarium_bridge_long_joined
          [aquarium_subvault_wall, aquarium_subvault_bridge,
          aquarium_subvault_balcony, aquarium_subvault_wall,
          aquarium_subvault_wall, aquarium_subvault_wall], aquarium_window_1,
          aquarium_window_corridor_1, aquarium_window_2, aquarium_window_fake,
          aquarium_view_2f, aquarium_balcony_double_4, hangedman_decor_growths
D:2:      layout_loops_corners, basic_altar, kennysheep_crisscross,
          kennysheep_boxes
D:3:      minmay_angry_zag, layout_basic, nicolae_yredelemnul_corpse_copse,
          lemuel_doored_altar, uniq_robin

Skill      XL: |  1  2  3  4  5 |
---------------+----------------+-----
Axes           | 2 3 4 |  4.3
Armour         | 4 |  4.3
Fighting       | 4 |  4.2
Shields        | 4 |  4.0
Dodging        | |  0.1

Action                     |  1- 3 |  4- 6 || total
---------------------------+-------+-------++-------
  Melee: War axe           |    85 |   125 ||   210
    Use: Potion            |       |     1 ||     1
 Armour: Scale mail        |    36 |    62 ||    98
  Dodge: Dodged            |    33 |    78 ||   111
  Block: Buckler           |    22 |    29 ||    51

Table legend: (Time is in decaauts)
 A = Elapsed time spent in this place.
 B = Non-inter-level travel time spent in this place.
 C = Inter-level travel time spent in this place.
 D = Time resting spent in this place.
 E = Time spent auto-exploring this place.
 F = Levels seen in this place.
 G = Mean time per level.
                   A        B        C        D        E       F      G
               +--------+--------+--------+--------+--------+-----+--------+
         Total |   2551 |   2469 |     82 |     49 |   1922 |   3 |  850.3 |
       Dungeon |   2551 |   2469 |     82 |     49 |   1922 |   3 |  850.3 |
               +--------+--------+--------+--------+--------+-----+--------+

Top non-repeatable levels by time:
     D:1: 1080 daAuts
     D:2: 866 daAuts
     D:3: 605 daAuts
